 Dungeon Crawl Stone Soup version 0.30-a0-54-g2e61a25929 (webtiles) character file.

Game seed: 4953088812254565209

277 jlumianski the Chopper (level 6, -2/46 HPs)
             Began as a Demonspawn Gladiator on Sept 9, 2022.
             Slain by Grinder (5 damage)
             ... on level 4 of the Dungeon.
             The game lasted 00:12:26 (3072 turns).

jlumianski the Chopper (Demonspawn Gladiator)       Turns: 3072, Time: 00:12:26

Health: -2/46      AC: 11    Str: 17    XL:     6   Next: 4%
Magic:  6/6        EV: 11    Int:  9    God:
Gold:   167        SH:  5    Dex: 14    Spells: 5/5 levels left

rFire   . . .      SeeInvis .    a - +0 war axe
rCold   . . .      Faith    .    y - +2 buckler
rNeg    . . .      Spirit   .    h - +0 chain mail
rPois   .          Reflect  .    (helmet restricted)
rElec   .          Harm     .    w - scarf {repulsion}
rCorr   .          Rampage  .    (no gloves)
Will    .....      Clarity  +    (no boots)
Stlth   .......... Rnd*Tele +    (no amulet)
HPRegen 0.15/turn                q - +4 ring of evasion
MPRegen 0.10/turn                t - ring of flight

@: brilliant, flying, repel missiles
A: antennae 2, icy blue scales 1, ignite blood 1, clarity, teleportitis 1
a: no special abilities


You were on level 4 of the Dungeon.
You visited 1 branch of the dungeon, and saw 4 of its levels.

You collected 167 gold pieces.

Inventory:

Hand Weapons
 a - a +0 war axe (weapon)
 l - a +0 sling
Missiles
 d - 3 throwing nets
 e - a javelin
 f - 46 stones
 i - 13 poisoned darts (quivered)
Armour
 b - a +0 leather armour
 c - a +0 helmet
 h - a +0 chain mail (worn)
 w - a scarf of repulsion (worn)
 y - a +2 buckler (worn)
Jewellery
 q - a +4 ring of evasion (left hand)
 t - a ring of flight (right hand)
Scrolls
 g - a scroll of blinking {unknown}
 k - 2 scrolls of enchant weapon {unknown}
 m - 2 scrolls of magic mapping {unknown}
 o - 2 scrolls of vulnerability {unknown}
 r - 3 scrolls of teleportation {unknown}
 u - 2 scrolls of fog {unknown}
 x - a scroll of amnesia {unknown}
 z - a scroll of identify {unknown}
Potions
 j - a potion of brilliance
 n - a potion of mutation
 p - 2 potions of curing {unknown}
 s - a potion of heal wounds {unknown}
 v - a potion of might {unknown}
 A - a potion of magic {unknown}


   Skills:
 + Level 2.6 Fighting
 + Level 4.4 Axes
 + Level 1.8 Throwing
 + Level 2.8 Armour
 + Level 3.5 Dodging
 + Level 0.1 Stealth


You had 5 spell levels left.
You didn't know any spells.
Your spell library contained the following spells:

 Spells                   Type           Power      Damage    Failure   Level
 Apportation              Tloc           0%         N/A       100%        1
 Necrotise                Necr           0%         1d4       100%        1
 Summon Small Mammal      Summ           0%         N/A       100%        1
 Ensorcelled Hibernation  Hex/Ice        0%         N/A       100%        2
 Passwall                 Tmut/Erth      0%         N/A       100%        2
 Swiftness                Air            0%         N/A       100%        3


Dungeon Overview and Level Annotations

Branches:
Dungeon (4/15)
 Temple: D:4-7

Altars:

Annotations:
D:4 Grinder


Innate Abilities, Weirdness & Mutations

You have a pair of antennae on your head.
You are partially covered in icy blue scales. (AC +2)
Your demonic aura sometimes causes spilled blood to erupt in flames.
You possess an exceptional clarity of mind.
You are occasionally teleported next to monsters.


Message History

You suddenly lose the ability to move!
Grinder blinks!
You can move again.
Okay, then.
Grinder gestures at you. You resist with significant effort.
You closely miss Grinder.
Grinder is lightly wounded.
Grinder hits you but does no damage.
You barely miss Grinder.
Grinder is lightly wounded.
Grinder blinks!
You hit Grinder but do no damage.
Grinder is lightly wounded.
Grinder hits you.
* * * LOW HITPOINT WARNING * * *
Grinder hits you.
* * * LOW HITPOINT WARNING * * *
You writhe in agony.
* * * LOW HITPOINT WARNING * * *
You hit Grinder but do no damage.
Grinder is lightly wounded.
Grinder gestures at you.
You suddenly lose the ability to move!
Grinder hits you but does no damage. Grinder completely misses you.
You can move again.
Unknown command.
It was a potion of brilliance.
You feel clever all of a sudden. Grinder hits you.
* * * LOW HITPOINT WARNING * * *
You writhe in agony.
* * * LOW HITPOINT WARNING * * *
It was a potion of mutation.
You feel extremely strange.
You feel weirdly uncertain.
Your thoughts seem clearer.
Grinder hits you.
* * * LOW HITPOINT WARNING * * *
You writhe in agony.
You die...

## ############ #.#
#........... #.#
#.#########.
##.###.######.# #.
......†.......# #.
##.#.#..###############.
#...#.# .............
##.##5# .#######.#.#. #.
#@# ######..... # #.# #
#.......... #.# #.
#.####..... ..###.##.#
#.#.#. ..........#
#.#...
....###.#..####.#.##
...#.##....<..##..#.#
.#.##.##...)##.#..###.
.... ..##....##.#...#.#


You could see Grinder.

Vanquished Creatures
  A necrophage (D:4)
  A vampire bat (D:3)
  A hound (D:4)
  Jessica (D:2)
  4 adders
  3 dart slugs
  3 orcs (D:3)
  5 ball pythons
  4 endoplasms
  5 giant cockroaches
  6 goblins
  7 hobgoblins
  4 quokkas
  9 bats
  5 frilled lizards
  8 kobolds
  7 rats
74 creatures vanquished.

Vanquished Creatures (others)
  31 plants (D:1)
31 creatures vanquished.

Grand Total: 105 creatures vanquished

Notes
Turn   | Place    | Note
-------+----------+-------------------------------------------
     0 | D:1      | jlumianski the Demonspawn Gladiator began the quest for the
                  | Orb.
     0 | D:1      | Reached XP level 1. HP: 16/16 MP: 1/1
   229 | D:1      | Gained mutation: You have a pair of small antennae on your
                  | head. [demonic ancestry]
   229 | D:1      | Reached XP level 2. HP: 19/22 MP: 2/2
   710 | D:1      | Reached skill level 3 in Axes
   958 | D:2      | Gained mutation: You are partially covered in icy blue
                  | scales. (AC +2) [demonic ancestry]
   958 | D:2      | Reached XP level 3. HP: 27/27 MP: 3/3
  1013 | D:2      | Reached skill level 1 in Armour
  1112 | D:2      | HP: 1/27 [hobgoblin/+0 dagger (2)]
  1504 | D:2      | Reached XP level 4. HP: 33/33 MP: 4/4
  1621 | D:2      | You are sucked into a shaft and drop 1 floor!
  1812 | D:2      | Noticed Jessica
  1819 | D:2      | Killed Jessica
  1820 | D:2      | Reached skill level 4 in Axes
  1820 | D:2      | Gained mutation: You have a pair of antennae on your head.
                  | [demonic ancestry]
  1820 | D:2      | Reached XP level 5. HP: 31/39 MP: 5/5
  1965 | D:2      | Found a faded altar of an unknown god.
  2886 | D:4      | Gained mutation: Your demonic aura sometimes causes spilled
                  | blood to erupt in flames. [demonic ancestry]
  2886 | D:4      | Reached XP level 6. HP: 32/46 MP: 6/6
  3046 | D:4      | Noticed Grinder
  3056 | D:4      | Paralysed by Grinder for 5 turns
  3068 | D:4      | Paralysed by Grinder for 3 turns
  3072 | D:4      | Gained mutation: You are occasionally teleported next to
                  | monsters. [potion of mutation]
  3072 | D:4      | Gained mutation: You possess an exceptional clarity of
                  | mind. [potion of mutation]
  3072 | D:4      | Slain by Grinder

Illustrated notes

Levels and vault maps discovered:
D:1:      minmay_arrival_four_circles, layout_loops_ring, kennysheep_boxes
D:2:      layout_rooms, chequers_ecumenical_altar_grove, uniq_jessica
D:3:      layout_rooms, roderic_batcave
D:4:      kennysheep_six_static_rooms, layout_loops_ring,
          kennysheep_generic_room_13, uniq_eustachio, uniq_grinder

Skill      XL: |  1  2  3  4 |
---------------+-------------+-----
Dodging        | 3 |  3.5
Axes           | 3 4 |  4.4
Armour         | 1 2 |  2.8
Fighting       | |  2.6
Throwing       | |  1.8
Stealth        | |  0.1

Action                   |  1- 3 |  4- 6 || total
-------------------------+-------+-------++-------
Melee: War axe           |   135 |   132 ||   267
       Punch             |       |     1 ||     1
  Use: Potion            |       |     2 ||     2
Armor: Chain mail        |    85 |    71 ||   156
Dodge: Dodged            |    83 |   125 ||   208
Block: Buckler           |       |     7 ||     7

Table legend: (Time is in decaauts)
 A = Elapsed time spent in this place.
 B = Non-inter-level travel time spent in this place.
 C = Inter-level travel time spent in this place.
 D = Time resting spent in this place.
 E = Time spent auto-exploring this place.
 F = Levels seen in this place.
 G = Mean time per level.
                   A        B        C        D        E       F      G
               +--------+--------+--------+--------+--------+-----+--------+
         Total |   3157 |   3098 |     59 |    359 |   1328 |   4 |  789.2 |
       Dungeon |   3157 |   3098 |     59 |    359 |   1328 |   4 |  789.2 |
               +--------+--------+--------+--------+--------+-----+--------+

Top non-repeatable levels by time:
     D:1: 1173 daAuts
     D:2: 857 daAuts
     D:3: 742 daAuts
     D:4: 383 daAuts
